 Dungeon Crawl Stone Soup version 0.25-a0-62-g88673ef095 (webtiles) character file.

Game seed: 14414363377599577206, levelgen mode: deterministic

163 Gargoyl the Skirmisher (level 5, -1/47 HPs)
             Began as a Draconian Abyssal Knight on Oct 31, 2019.
             Was a Believer of Lugonu.
             Slain by Grinder (9 damage)
             ... while paralysed by Grinder
             ... on level 3 of the Dungeon.
             The game lasted 00:03:56 (2142 turns).

Gargoyl the Skirmisher (Draconian Abyssal Knight)   Turns: 2142, Time: 00:03:56

Health: -1/47      AC:  9    Str: 15    XL:     5   Next: 20%
Magic:  7/7        EV:  2    Int: 13    God:    Lugonu [**....]
Gold:   86         SH:  0    Dex: 10    Spells: 4/4 levels left

rFire    . . .     SeeInvis .   e - +1 short sword (elec)
rCold    . . .     Gourm    .   f - +0 buckler
rNeg     . . .     Faith    .   (armour unavailable)
rPois    .         Spirit   .   (helmet restricted)
rElec    .         Reflect  .   (no cloak)
rCorr    .         Harm     .   (no gloves)
MR       .....                  (no boots)
Stlth    +.........             (no amulet)
HPRegen  0.15/turn              n - +4 ring of protection
MPRegen  0.10/turn              (no ring)

@: paralysed
A: unfitting armour, cold-blooded, AC +5
a: Depart the Abyss, Bend Space, Renounce Religion


You were on level 3 of the Dungeon.
You worshipped Lugonu.
Lugonu was pleased with you.
You were not hungry.

You visited 1 branch of the dungeon, and saw 3 of its levels.
You visited the Abyss 1 time.

You collected 86 gold pieces.

Inventory:

Hand Weapons
 a - a +1 hand axe
 e - a +1 short sword of electrocution (weapon)
Armour
 f - a +0 buckler (worn)
Jewellery
 n - a +4 ring of protection (left hand)
Wands
 p - a wand of acid (6)
Scrolls
 d - 2 scrolls of remove curse
 h - 2 scrolls of enchant armour {unknown}
 o - a scroll of immolation {unknown}
 q - 2 scrolls of identify
 r - 2 scrolls of fog
 t - a scroll of magic mapping {unknown}
 v - a scroll of enchant weapon
Potions
 c - a potion of magic
 g - 2 potions of curing
 i - a potion of agility {unknown}
 j - a potion of haste {unknown}
 k - a potion of cancellation {unknown}
 l - a potion of heal wounds {unknown}
 m - a potion of ambrosia {unknown}
 s - a potion of flight {unknown}
Comestibles
 b - 9 rations
 u - 6 chunks of flesh


   Skills:
 + Level 4.3 Fighting
 + Level 1.0 Short Blades
 + Level 2.7 Axes
 * Level 3.2 Dodging
 + Level 0.3 Stealth
 + Level 0.1 Shields
 * Level 3.2 Invocations


You had 4 spell levels left.
You didn't know any spells.
Your spell library contained the following spells:

 Spells                   Type           Power        Failure   Level  Hunger
 Confusing Touch          Hex            #.....       45%         1    ##.....
 Confuse                  Hex            #.......     83%         3    ####...
 Gell's Gravitas          Tloc           #.........   83%         3    ####...
 Petrify                  Tmut/Erth      #.......     99%         4    #####..
 Metabolic Englaciation   Hex/Ice        #.........   100%        5    ######.
 Yara's Violent Unravell  Hex/Tmut       #.........   100%        5    ######.


Dungeon Overview and Level Annotations

Branches:
Dungeon (3/15)

Altars:

Annotations:
D:3 Grinder


Innate Abilities, Weirdness & Mutations

Your plain brown scales are hard. (AC +5)
You cannot fit into any form of body armour.
You are cold-blooded and may be slowed by cold attacks.


Message History

Grinder hits you!
You writhe in agony.
You hit Grinder.
Grinder is lightly wounded.
Grinder hits you!
You hit Grinder but do no damage. Lightning courses through Grinder!
You tail-slap Grinder.
Grinder is severely wounded.
Grinder closely misses you.
You completely miss Grinder.
Grinder is severely wounded.
Grinder gestures at you.
You suddenly lose the ability to move!
Grinder gestures at you. Pain shoots through your body!
* * * LOW HITPOINT WARNING * * *
Grinder gestures at you.
You shrug off the repeated paralysis!
Grinder hits you but does no damage. Grinder hits you!
You die...

.### #.........# ...#
#.........# #(##
#.......... .##
#.........# ..#
#.(.......# .##
#.........# ##
#.........# .#
#.........#
##############..@5.....#
#.........)รท...........#
#.######################
#.# ..# ###


You could see Grinder.

Vanquished Creatures
  An iron imp (Abyss:1)
  A worker ant (D:3)
  2 adders (D:2)
  An ooze (D:2)
  A worm (D:1)
  2 dart slugs (D:2)
  A leopard gecko (D:3)
  An orc (D:3)
  A ball python (D:2)
  9 bats
  5 giant cockroaches
  9 goblins
  8 hobgoblins
  3 jackals (D:3)
  4 quokkas
  5 frilled lizards
  10 kobolds
  14 rats
78 creatures vanquished.

Notes
Turn   | Place    | Note
-------+----------+-------------------------------------------
     0 | Abyss:1  | Gargoyl the Draconian Abyssal Knight began the quest for
                  | the Orb.
     0 | Abyss:1  | Reached XP level 1. HP: 19/19 MP: 2/2
    62 | Abyss:1  | Noticed an iron imp
   106 | Abyss:1  | Noticed a small abomination
   107 | Abyss:1  | Killed an iron imp
   107 | Abyss:1  | Reached XP level 2. HP: 5/27 MP: 3/3
   108 | D:1      | Escaped the Abyss
   398 | D:1      | Reached XP level 3. HP: 33/33 MP: 4/4
   405 | D:1      | You fall into a shaft and drop 1 floor!
   409 | D:2      | Reached skill level 4 in Fighting
   625 | D:1      | Reached * piety under Lugonu
  1087 | D:1      | Reached XP level 4. HP: 40/40 MP: 5/5
  1474 | D:2      | Reached ** piety under Lugonu
  1925 | D:3      | Reached skill level 1 in Short Blades
  1925 | D:3      | Reached XP level 5. HP: 46/46 MP: 7/7
  2082 | D:3      | Noticed Grinder
  2086 | D:3      | Paralysed by Grinder for 6 turns
  2100 | D:3      | Paralysed by Grinder for 6 turns
  2139 | D:3      | Paralysed by Grinder for 4 turns
  2142 | D:3      | Slain by Grinder

Levels and vault maps discovered:
D:1:      dpeg_arrival_court, layout_basic, minmay_tetromino_i4
D:2:      layout_rooms, minmay_small_reverse_x
D:3:      minmay_spotlight, layout_basic, old_standard_altar, uniq_natasha,
          uniq_grinder

Skill      XL: |  1  2  3  4 |
---------------+-------------+-----
Fighting       | 4 |  4.3
Dodging        | 3 |  3.2
Invocations    | 3 |  3.2
Short Blades   | 1 |  1.0
Axes           | |  2.7
Stealth        | |  0.3
Shields        | |  0.1

Action                   |  1- 3 |  4- 6 || total
-------------------------+-------+-------++-------
Melee: Hand axe          |    75 |       ||    75
       Tailslap          |     4 |    11 ||    15
       Short sword       |    38 |   116 ||   154
Invok: Depart the Abyss  |     1 |       ||     1
  Use: Potion            |     1 |     1 ||     2
       Scroll            |       |     5 ||     5
 Stab: Sleeping          |     1 |       ||     1
  Eat: Chunk             |       |     4 ||     4
Armor: Skin              |    47 |    57 ||   104
Dodge: Dodged            |    69 |    79 ||   148
Block: Buckler           |     4 |    23 ||    27

Table legend:
 A = Non-vault XP
 B = Vault XP
 C = Vault XP percentage of total XP
 D = Non-vault monster count
 E = Vault monster count
 F = Vault count percentage of total count
                 A         B        C        D         E       F
            +---------+---------+-------+---------+---------+-------
      Total |     213 |      21 |   9.0 |      66 |      12 |  15.4
            +---------+---------+-------+---------+---------+-------
        D:1 |      56 |       5 |   8.2 |      32 |       3 |   8.6
        D:2 |      67 |       6 |   8.2 |      22 |       4 |  15.4
        D:3 |      50 |      10 |  16.7 |      11 |       5 |  31.2
    Abyss:1 |      40 |       0 |   0.0 |       1 |       0 |   0.0
            +---------+---------+-------+---------+---------+-------
